[Event "*** Titled Tuesday Blitz"]
[Site "Chess.com"]
[Date "2018.04.03"]
[Round "4"]
[White "FearNoEvil12"]
[Black "XiaoKangZhong"]
[Result "1-0"]
[WhiteElo "1983"]
[BlackElo "2023"]
[TimeControl "180+2"]
[EndTime "13:48:20 PDT"]
[Termination "FearNoEvil12 won by checkmate"]

1. e4 c5 2. Nc3 Nc6 3. f4 g6 4. Nf3 Bg7 5. Bc4 d6 6. f5 gxf5 7. d3 fxe4 8. dxe4 e6 9. O-O Nge7 10. Bg5 O-O 11. Qe1 Qc7 12. Qh4 Ng6 13. Qh5 Nce5 14. Be2 Nxf3+ 15. Rxf3 Qb6 16. Raf1 Qxb2 17. Rh3 h6 18.
Bxh6 e5 19. Bxg7 Bxh3 20. Bf6 Qxc3 21. Qh6 Qd4+ 22. Kh1 Bxg2+ 23. Kxg2 Qxe4+ 24. Bf3 Qxc2+ 25. Kh1 Qg2+ 26. Bxg2 Nf4 27. Qg7# 1-0

[Event "*** Titled Tuesday Blitz"]
[Site "Chess.com"]
[Date "2018.04.03"]
[Round "4"]
[White "fancyknightmaneuvers"]
[Black "lukas_111111"]
[Result "1-0"]
[WhiteElo "2528"]
[BlackElo "2526"]
[TimeControl "180+2"]
[EndTime "13:48:22 PDT"]
[Termination "fancyknightmaneuvers won by resignation"]

1. e4 c5 2. Nf3 d6 3. Bb5+ Nd7 4.
O-O Nf6 5. Re1 a6 6. Bf1 b5 7. a4 Bb7 8. axb5 axb5 9. Rxa8 Qxa8 10. Bxb5 Bxe4 11. d4 Bxf3 12. gxf3 cxd4 13. Qxd4 e5 14.
f4 Kd8 15. fxe5 dxe5 16. Rxe5 Qa1 17. Bxd7 Nxd7 18. Rd5 Bd6 19. Rxd6 Qxb1 20. Rxd7+ Kc8 21.
Qd5 Qxc1+ 22. Kg2 1-0

[Event "*** Titled Tuesday Blitz"]
[Site "Chess.com"]
[Date "2018.04.03"]
[Round "4"]
[White "Slovak_fighter2000"]
[Black "DrVitman"]
[Result "1-0"]
[WhiteElo "2361"]
[BlackElo "2511"]
[TimeControl "180+2"]
[EndTime "13:48:33 PDT"]
[Termination "Slovak_fighter2000 won on time"]

1. d4 Nf6 2. Bf4 e6 3. e3 b6 4.
Nf3 Bb7 5. Bd3 Bd6 6. Bg3 Bxg3 7. hxg3 Nc6 8. c3 Ne7 9. Nbd2 h6 10. Qe2 c5 11. a4 Qc7 12. Ba6 O-O 13. O-O d6 14. Rfc1 Rfc8 15. a5 Bxa6 16. Qxa6 Rab8 17. axb6 axb6 18.
Ra2 1-0

[Event "*** Titled Tuesday Blitz"]
[Site "Chess.com"]
[Date "2018.04.03"]
[Round "4"]
[White "indfraeng"]
[Black "chesstatour"]
[Result "0-1"]
[WhiteElo "1816"]
[BlackElo "1971"]
[TimeControl "180+2"]
[EndTime "13:48:34 PDT"]
[Termination "chesstatour won by checkmate"]

1. d4 f5 2. Nc3 Nf6 3. Bg5 Ne4 4. Nxe4 fxe4 5. e3 c6 6. Ne2 d5 7.
c4 dxc4 8. Nc3 Be6 9. Nxe4 Nd7 10. Be2 Nf6 11. Nc5 Qa5+ 12. Qd2 Qxd2+ 13. Kxd2 Bf7 14. Bxf6 exf6 15. Nxb7 Rb8 16. Bf3 Bd5 17. Na5 Bb4+ 18. Kc2 Bxa5 19. Bxd5 cxd5 20. b3 Rc8 21. bxc4 Rxc4+ 22. Kb3 O-O 23. Rac1 Rb8+ 24. Ka3 Bb4+ 25. Ka4 Bc3+ 26.
Ka3 Bb2# 0-1

[Event "*** Titled Tuesday Blitz"]
[Site "Chess.com"]
[Date "2018.04.03"]
[Round "4"]
[White "TomPolgar"]
[Black "Perecke"]
[Result "1-0"]
[WhiteElo "2211"]
[BlackElo "1895"]
[TimeControl "180+2"]
[EndTime "13:48:35 PDT"]
[Termination "TomPolgar won by resignation"]

1. e4 e5 2. Nf3 Nc6 3. Nc3 g6 4. d4 exd4 5. Nxd4 Bg7 6. Be3 Nge7 7.
Qd2 O-O 8. O-O-O d6 9. h4 a6 10.
h5 g5 11. Nxc6 Nxc6 12. Bxg5 Bxc3 13. bxc3 f6 14. Bc4+ Kh8 15. Bh6 Re8 16. Qf4 Ne5 17.
Bb3 Qe7 18. f3 Be6 19. g4 c5 20. Bd5 Bxd5 21. Rxd5 Nf7 22. Qd2 b5 23. Bf4 Rad8 24. Rd1 Qe6 25. Kb1 b4 26. cxb4 Rb8 27. c3 a5 28. Bxd6 Nxd6 29. Rxd6 Qc4 30. Qd3 Qxd3+ 31. R1xd3 axb4 32. c4 b3 33. Rxb3 1-0

[Event "*** Titled Tuesday Blitz"]
[Site "Chess.com"]
[Date "2018.04.03"]
[Round "4"]
[White "biostatistician"]
[Black "Mykola-Bortnyk"]
[Result "0-1"]
[WhiteElo "2451"]
[BlackElo "2706"]
[TimeControl "180+2"]
[EndTime "13:48:40 PDT"]
[Termination "Mykola-Bortnyk won by resignation"]

1. d4 Nf6 2. Nf3 b5 3. Bg5 Bb7 4. e3 a6 5. c4 e6 6. cxb5 axb5 7. Bxb5 Bxf3 8. Qxf3 c6 9. Bxf6 Qa5+ 10. Nc3 cxb5 11.
Bh4 b4 12. Ne2 b3+ 13. Nc3 Bb4 14. O-O Bxc3 15. bxc3 Nc6 16. c4 b2 17. Rab1 Qxa2 18. d5 Ne5 19. Qe4 Nxc4 20. dxe6 fxe6 21. Rfd1 O-O 22.
h3 Na3 23. Rxb2 Qxb2 24. Rxd7 Qb1+ 25. Kh2 Qxe4 0-1

[Event "*** Titled Tuesday Blitz"]
[Site "Chess.com"]
[Date "2018.04.03"]
[Round "4"]
[White "FontVella8"]
[Black "Zhuu96"]
[Result "0-1"]
[WhiteElo "1851"]
[BlackElo "2750"]
[TimeControl "180+2"]
[EndTime "13:48:58 PDT"]
[Termination "Zhuu96 won on time"]

1. e4 c5 2. Nf3 d6 3. d4 cxd4 4.
Nxd4 Nf6 5. f3 a6 6. c4 e5 7. Nc2 Be7 8. Nc3 O-O 9. Be3 Be6 10.
Qd2 Nbd7 11. Be2 Rc8 12. Nd5 Bxd5 13. cxd5 Nh5 14. g3 g6 15. O-O Ng7 16. Rac1 f5 17. b4 f4 18. Bf2 Bg5 19. g4 Bh4 20. Na3 Bxf2+ 21. Rxf2 Rxc1+ 22. Qxc1 Qb6 23. Qc3 h5 24. gxh5 Nxh5 25. Nc4 Qc7 26. Qe1 Kh7 27. Rg2 Rc8 28.
Qh4 Nf8 29. Rg5 b5 30. Rxh5+ gxh5 31. Qxh5+ Kg7 32. Nxd6 Qxd6 0-1

[Event "*** Titled Tuesday Blitz"]
[Site "Chess.com"]
[Date "2018.04.03"]
[Round "4"]
[White "a_kandil"]
[Black "Tash_Boy"]
[Result "0-1"]
[WhiteElo "2301"]
[BlackElo "2506"]
[TimeControl "180+2"]
[EndTime "13:49:03 PDT"]
[Termination "Tash_Boy won by resignation"]

1. e4 e5 2. Nf3 Nc6 3. Bb5 a6 4. Ba4 Nf6 5. O-O Be7 6. Re1 b5 7. Bb3 d6 8. c3 O-O 9. h3 Bb7 10.
d4 Re8 11. Ng5 Rf8 12. Nf3 Re8 13. Nbd2 Bf8 14. Bc2 g6 15. a4 exd4 16. cxd4 Nb4 17. Bb1 c5 18. d5 Nd7 19. Nf1 Bg7 20. Ng3 c4 21. Ra3 Nc5 22. axb5 Nbd3 23. Re2 axb5 24.
Rxa8 Qxa8 25. Ne1 Nxc1 26. Qxc1 Qa1 27. Qd1 Qa4 28. Bc2 Qb4 29. Bb1 Bxb2 30. Nc2 Qb3 31. Nf1 Bc3 32. Re3 Nd3 33. Nd2 Bxd2 0-1

[Event "*** Titled Tuesday Blitz"]
[Site "Chess.com"]
[Date "2018.04.03"]
[Round "4"]
[White "Rumpel-VK"]
[Black "nubair1198"]
[Result "0-1"]
[WhiteElo "2364"]
[BlackElo "2567"]
[TimeControl "180+2"]
[EndTime "13:49:07 PDT"]
[Termination "nubair1198 won on time"]

1. e4 c6 2. Be2 d5 3. e5 c5 4. f4 Nc6 5. Nf3 Bg4 6. O-O e6 7.
b3 Nh6 8. Bb2 Be7 9. h3 Bxf3 10.
Bxf3 Nf5 11. Nc3 h5 12. Bxh5 Ng3 13. Bf3 Nxf1 14. Qxf1 Nd4 15. Rc1 Rc8 16. Ne2 Nxf3+ 17. Qxf3 g6 18. d3 c4 19. dxc4 Qb6+ 20. Kh1 dxc4 21. Bd4 Bc5 22. Bxc5 Rxc5 23. Rd1 cxb3 24. cxb3 O-O 25. Ng3 Rd8 26. Ne4 Rc2 27. Nf6+ Kg7 28. Rg1 Qf2 29. Qg4 Rh8 30. Ne4 Qe2 31. Qg5 Rxh3+ 0-1

[Event "*** Titled Tuesday Blitz"]
[Site "Chess.com"]
[Date "2018.04.03"]
[Round "4"]
[White "AkshatChandra"]
[Black "ChessQueen"]
[Result "1-0"]
[WhiteElo "2806"]
[BlackElo "2652"]
[TimeControl "180+2"]
[EndTime "13:49:08 PDT"]
[Termination "AkshatChandra won by resignation"]

1. d4 Nf6 2. c4 e6 3. Nf3 c5 4. d5 b5 5. e4 Nxe4 6. Bd3 Nf6 7. O-O bxc4 8. Bxc4 Ba6 9. Bxa6 Nxa6 10. Nc3 Qc8 11.
Re1 Be7 12. d6 Bd8 13. Ne5 O-O 14. Qf3 Nb4 15. Re2 Nbd5 16. Bg5 Nxc3 17. bxc3 Rb8 18.
Rd1 Qb7 19. Qd3 Nd5 20. Bd2 Bf6 21. Ng4 c4 22. Qg3 Rfc8 23. h4 h5 24. Ne5 Bxe5 25. Rxe5 Nf6 26. Rg5 Qe4 27. Rxg7+ Kf8 28. Bh6 1-0

[Event "*** Titled Tuesday Blitz"]
[Site "Chess.com"]
[Date "2018.04.03"]
[Round "4"]
[White "Hikaru"]
[Black "Fins0905"]
[Result "1-0"]
[WhiteElo "2993"]
[BlackElo "2594"]
[TimeControl "180+2"]
[EndTime "13:49:10 PDT"]
[Termination "Hikaru won by resignation"]

1. b3 d5 2. Bb2 Bg4 3. d3 e6 4.
Nf3 Nf6 5. g3 Bxf3 6. exf3 Bb4+ 7. Nd2 O-O 8. a3 Bd6 9. f4 Nbd7 10. Bg2 c6 11. Nf3 Qc7 12. Qe2 c5 13. O-O Rac8 14. c4 d4 15. Rfe1 Rb8 16. b4 cxb4 17. axb4 Bxb4 18. Reb1 a6 19. Bxd4 Bc5 20. Bc3 Rfc8 21. Ne5 Bd6 22. Bh3 Re8 23. Bg2 Bf8 24. d4 Nxe5 25. fxe5 Nd7 26. c5 Be7 27. Qf3 b5 28.
Rxa6 b4 29. Rxb4 Nf8 30. Qc6 Qd8 31. Rxb8 Qxb8 32. Rb6 Qd8 33. Be4 Ng6 34. Kg2 Bf8 35. Rb7 Ne7 36. Qd7 g6 37. c6 Nd5 38. Qxf7+ 1-0

[Event "*** Titled Tuesday Blitz"]
[Site "Chess.com"]
[Date "2018.04.03"]
[Round "4"]
[White "Rodalquilar"]
[Black "dianosky"]
[Result "0-1"]
[WhiteElo "2421"]
[BlackElo "2294"]
[TimeControl "180+2"]
[EndTime "13:49:10 PDT"]
[Termination "dianosky won by resignation"]

1. e4 c5 2. Nc3 e6 3. f4 a6 4. Nf3 b5 5. Qe2 Bb7 6. d3 Nc6 7. Be3 Qb6 8. Qf2 Nf6 9. h3 d5 10. e5 Nd7 11. d4 cxd4 12. Nxd4 Nxd4 13. Bxd4 Bc5 14. O-O-O Rc8 15. Kb1 Bxd4 16. Qxd4 Qxd4 17. Rxd4 h5 18. g3 Ke7 19. h4 Rc7 20. Be2 g6 21. Rhd1 Nb6 22. a3 Rhc8 23. Bf3 Nc4 24. Ka2 Nxb2 25.
Nxd5+ Bxd5+ 26. Rxd5 exd5 27. Kxb2 Rxc2+ 28. Kb1 R2c3 29. Bxd5 Rd8 30. Kb2 Rxg3 31. Rd4 a5 32. Ka2 Rc3 33. Rd1 Rc5 34. Bf3 Rxd1 35. Bxd1 Rc4 36. f5 gxf5 37.
Bxh5 Rxh4 38. Be2 Rh2 0-1

[Event "*** Titled Tuesday Blitz"]
[Site "Chess.com"]
[Date "2018.04.03"]
[Round "4"]
[White "Konavets"]
[Black "LawrenceTrent"]
[Result "1-0"]
[WhiteElo "2762"]
[BlackElo "2530"]
[TimeControl "180+2"]
[EndTime "13:49:16 PDT"]
[Termination "Konavets won by resignation"]

1. d4 d5 2. Bf4 Nc6 3. e3 f6 4. Bb5 e6 5. Nf3 Bd6 6. Bg3 Ne7 7. O-O O-O 8. c4 a6 9. Bxc6 Nxc6 10. cxd5 exd5 11. Nc3 Bxg3 12. hxg3 Bf5 13. Qb3 Bd3 14.
Nxd5 Bxf1 15. Nxc7+ Rf7 16. Nxa8 Bb5 17. a4 Na5 18. Qb4 Nc6 19. Qc5 Bxa4 20. Rxa4 Qxa8 21. d5 Nd8 22. Re4 Rd7 23. Re8+ Kf7 24. Qf8+ Kg6 25.
Nh4+ Kh5 26. Nf5 Kg6 27. g4 b5 28. Re7 Rxe7 29. Nxe7+ 1-0

[Event "*** Titled Tuesday Blitz"]
[Site "Chess.com"]
[Date "2018.04.03"]
[Round "4"]
[White "Divertissement"]
[Black "MFBerna"]
[Result "1-0"]
[WhiteElo "2450"]
[BlackElo "2290"]
[TimeControl "180+2"]
[EndTime "13:49:42 PDT"]
[Termination "Divertissement won by resignation"]

1. d4 d5 2. Nf3 c6 3. Bf4 Nf6 4. e3 g6 5. h3 Bg7 6. c4 O-O 7. Nc3 a6 8. Be2 b5 9. cxd5 cxd5 10. O-O Nbd7 11. a4 b4 12. Na2 a5 13. Nc1 Ne4 14.
Nb3 Nb6 15. Qc2 Bf5 16. Bc7 Qc8 17. Bd3 Nc4 18. Bh2 Ra7 19. Rfc1 Qe6 20. Qe2 h5 21. Bxe4 Qxe4 22. Nc5 Rc8 23. Nxe4 Bxe4 24. b3 1-0

[Event "*** Titled Tuesday Blitz"]
[Site "Chess.com"]
[Date "2018.04.03"]
[Round "4"]
[White "comedy_of_errors"]
[Black "JozefKneht"]
[Result "0-1"]
[WhiteElo "2419"]
[BlackElo "2422"]
[TimeControl "180+2"]
[EndTime "13:49:46 PDT"]
[Termination "JozefKneht won by resignation"]

1. Nf3 d5 2. g3 c6 3. Bg2 Nf6 4. O-O Bf5 5. c4 e6 6. cxd5 cxd5 7. Qb3 Qb6 8. Qxb6 axb6 9. d3 Nc6 10. Nc3 Be7 11. Bd2 O-O 12. Nh4 Bg4 13. h3 Bh5 14.
g4 Bg6 15. Nxg6 hxg6 16. Rfc1 Rfc8 17. Nb5 Nd7 18. Kf1 Bf6 19. Rc2 Nd4 20. Rxc8+ Rxc8 21. Nc3 Nc5 22. Rc1 Ra8 23. g5 Be7 24. e3 Nc6 25. d4 Na4 26. h4 Nxb2 27. Ke2 Nc4 28. Be1 Bb4 29. Rc2 Ba5 30. Kd3 Nb4+ 0-1

[Event "*** Titled Tuesday Blitz"]
[Site "Chess.com"]
[Date "2018.04.03"]
[Round "4"]
[White "RichardABates"]
[Black "OparinGrigoriy"]
[Result "0-1"]
[WhiteElo "2069"]
[BlackElo "2822"]
[TimeControl "180+2"]
[EndTime "13:49:51 PDT"]
[Termination "OparinGrigoriy won by resignation"]

1. d4 Nf6 2. Nf3 e6 3. c4 b6 4. g3 Bb7 5. Bg2 Be7 6. O-O O-O 7. Nc3 Ne4 8. Bd2 Bf6 9. Rc1 Nxd2 10. Qxd2 d6 11.
e4 Nd7 12. d5 e5 13. Ne1 a5 14. Nd3 Bg5 15. f4 Bh6 16. Rce1 Qe7 17. Qd1 exf4 18. gxf4 Rae8 19. e5 Qh4 20. Kh1 dxe5 21. fxe5 Qxc4 22. Re4 Qa6 23. Rfe1 Qa8 24. Rh4 Bg5 25. Rh5 Bd8 26.
Be4 g6 27. Rg1 Bf6 28. Rxh7 Rxe5 29. Nxe5 Nxe5 30. Qh5 Qe8 31. d6 Bxe4+ 32. Nxe4 Qc6 33. Qf5 Kxh7 34. Qh3+ Kg7 0-1

[Event "*** Titled Tuesday Blitz"]
[Site "Chess.com"]
[Date "2018.04.03"]
[Round "4"]
[White "LastHeroJr"]
[Black "guillembaches"]
[Result "1-0"]
[WhiteElo "2431"]
[BlackElo "2238"]
[TimeControl "180+2"]
[EndTime "13:49:52 PDT"]
[Termination "LastHeroJr won on time"]

1. e4 c5 2. Nf3 d6 3. d4 cxd4 4. Nxd4 Nf6 5. Nc3 Nc6 6. Bg5 e6 7. Qd2 h6 8. Be3 Ng4 9. Nxc6 bxc6 10. Bf4 e5 11. Bg3 Qb6 12. O-O-O Rb8 13. b3 Be7 14.
h3 Nf6 15. Be2 Qb4 16. Bd3 Nh5 17. Kb1 Nxg3 18. fxg3 Be6 19. Ne2 Qa3 20. Qc3 O-O 21. Bc4 d5 22. exd5 cxd5 23. Bxd5 Bf5 24. Qb2 Qa5 25.
Rhf1 Bg6 26. Qxe5 Bxc2+ 27. Kxc2 Qxa2+ 28. Qb2 Rfc8+ 29. Nc3 1-0

[Event "*** Titled Tuesday Blitz"]
[Site "Chess.com"]
[Date "2018.04.03"]
[Round "4"]
[White "HaryKane"]
[Black "GMMatamoros"]
[Result "0-1"]
[WhiteElo "2444"]
[BlackElo "2478"]
[TimeControl "180+2"]
[EndTime "13:50:07 PDT"]
[Termination "GMMatamoros won by resignation"]

1. e4 c5 2. Nf3 Nc6 3. d4 cxd4 4. Nxd4 e5 5. Nb5 d6 6. N1c3 a6 7. Na3 Be7 8. Nd5 Nf6 9. Nxf6+ Bxf6 10. Nc4 O-O 11.
Be3 Nd4 12. c3 Re8 13. Be2 b5 14. cxd4 exd4 15. Bxd4 bxc4 16. O-O Bb7 17. Bxc4 Bxd4 18. Qxd4 Rxe4 19. Qd3 Qg5 20. f3 Qc5+ 21. Kh1 Rxc4 22. Rad1 d5 23. Rfe1 Rf8 24. Qf5 Rc2 25. Qd7 Bc8 26.
Qxd5 Qxd5 27. Rxd5 Rxb2 28. a4 Ra2 29. a5 Be6 30.
Rc5 Rd8 31. h3 g6 32. Ree5 Rd1+ 33. Kh2 Rdd2 34. Rg5 h6 35. Rg3 Kg7 36. h4 h5 37.
Rxh5 Rxg2+ 38. Rxg2 Rxg2+ 39. Kxg2 gxh5 0-1

[Event "*** Titled Tuesday Blitz"]
[Site "Chess.com"]
[Date "2018.04.03"]
[Round "4"]
[White "KRASAVCHIK2002"]
[Black "lolo9292"]
[Result "1-0"]
[WhiteElo "1966"]
[BlackElo "1759"]
[TimeControl "180+2"]
[EndTime "13:50:10 PDT"]
[Termination "KRASAVCHIK2002 won by resignation"]

1. d4 Nf6 2. Nf3 e6 3. Bg5 b6 4. e3 Bb7 5. c3 Be7 6. Bd3 O-O 7. Nbd2 h6 8. Bxf6 Bxf6 9. O-O d6 10. e4 Nd7 11.
Qe2 g6 12. Rae1 Bg7 13. h4 Nf6 14. g3 a6 15. e5 Nh5 16. Be4 Bxe4 17. Nxe4 d5 18.
Ned2 c5 19. Qe3 f5 20. exf6 Rxf6 21. Ne5 cxd4 22. cxd4 Kh7 23. Ng4 Rf5 24. Qxe6 Qc7 25. Ne5 Bxe5 26. dxe5 Raf8 27. Qxd5 Rd8 28. Qc4 Qe7 29.
Qc3 Qd7 30. Ne4 Qd5 31. Nf6+ Nxf6 32. exf6 Rf8 33. Re7+ Rf7 34. Rfe1 h5 35. Rxf7+ 1-0

[Event "*** Titled Tuesday Blitz"]
[Site "Chess.com"]
[Date "2018.04.03"]
[Round "4"]
[White "Goala"]
[Black "maximlavrov"]
[Result "0-1"]
[WhiteElo "2321"]
[BlackElo "2379"]
[TimeControl "180+2"]
[EndTime "13:50:23 PDT"]
[Termination "maximlavrov won by resignation"]

1. d4 g6 2. c4 Bg7 3. Nc3 d6 4. e4 Nc6 5. Be3 e5 6. d5 Nd4 7. Nge2 Nxe2 8. Bxe2 f5 9. f3 Bh6 10. Bxh6 Qh4+ 11. g3 Qxh6 12. Nb5 Qg7 13. Rc1 Nf6 14.
exf5 gxf5 15. c5 a6 16. Qa4 O-O 17. Qa5 b6 18. cxb6 cxb6 19. Qa3 Qh6 20. O-O axb5 21. Qxa8 Qe3+ 22. Kg2 Bd7 23. Qa3 Qxe2+ 24. Rf2 b4 25. Qxb4 Qd3 26. Rd2 Qe3 27. Rcc2 f4 28. Re2 Qd3 29. Rcd2 Qf5 30. Qxd6 e4 31. fxe4 f3+ 32. Kg1 fxe2 33. Rxe2 Nxe4 0-1

[Event "*** Titled Tuesday Blitz"]
[Site "Chess.com"]
[Date "2018.04.03"]
[Round "4"]
[White "Generalas"]
[Black "Sanan_Sjugirov"]
[Result "0-1"]
[WhiteElo "2188"]
[BlackElo "2849"]
[TimeControl "180+2"]
[EndTime "13:50:26 PDT"]
[Termination "Sanan_Sjugirov won by resignation"]

1. e4 c5 2. c3 Nf6 3. e5 Nd5 4.
d4 cxd4 5. Nf3 d6 6. cxd4 dxe5 7. dxe5 Bg4 8. Be2 Nc6 9. O-O e6 10. Re1 Bc5 11. Nbd2 Bf5 12. Nb3 Bb6 13. Bg5 Qc7 14.
Rc1 O-O 15. Nfd4 Bg6 16. Bf3 Qd7 17. Nxc6 bxc6 18. Nc5 Qc7 19. Qe2 h6 20. Bd2 Rfd8 21.
b4 Qe7 22. a3 a5 23. Na4 Bd4 24. Rc4 axb4 25. Rxd4 Rxa4 26. axb4 Qa7 27. Rc4 Ra2 28. Rxc6 Nxb4 29. Rd6 Rxd6 30. exd6 Qd4 31. Qe3 Rxd2 32. Qa3 Qxf2+ 0-1

[Event "*** Titled Tuesday Blitz"]
[Site "Chess.com"]
[Date "2018.04.03"]
[Round "4"]
[White "patrisiii123"]
[Black "Tramontanaaa"]
[Result "0-1"]
[WhiteElo "2244"]
[BlackElo "2403"]
[TimeControl "180+2"]
[EndTime "13:50:27 PDT"]
[Termination "Tramontanaaa won by checkmate"]

1. e4 c5 2. Nf3 Nf6 3. e5 Nd5 4. Nc3 e6 5. Nxd5 exd5 6. d4 Nc6 7. dxc5 Bxc5 8. Qxd5 Qb6 9. Bc4 Bxf2+ 10. Ke2 O-O 11.
Rf1 Bc5 12. Ng5 Nxe5 13. Nxf7 Nxf7 14. Rxf7 Qe6+ 15. Qxe6 dxe6 16. Rxf8+ Kxf8 17. Bg5 Bd7 18. Rd1 Ke8 19. c3 Rc8 20. Bd3 e5 21. h3 g6 22.
Be4 Bc6 23. Bxc6+ bxc6 24. Be3 Bb6 25. Rd6 Ke7 26. Rd1 Ke6 27. c4 Rb8 28. b3 Rf8 29. c5 Bc7 30. Bh6 Rd8 31. Rxd8 Bxd8 32. b4 a6 33. Kd3 Kd5 34. a3 Bf6 35. Bc1 e4+ 36. Ke3 Bg5+ 37. Ke2 Bxc1 38. a4 Ba3 39. b5 axb5 40.
a5 Bxc5 41. a6 b4 42. Kd2 b3 43. Kc3 e3 44. Kxb3 e2 45. Kc2 e1=Q 46. g4 Qe4+ 47.
Kc3 Qd4+ 48. Kb3 Qc4+ 49. Kb2 Bd4+ 50. Ka3 Qxa6+ 51. Kb3 Qc4+ 52. Ka3 Qb5 53. h4 Kc4 54. Ka2 Qb2# 0-1

[Event "*** Titled Tuesday Blitz"]
[Site "Chess.com"]
[Date "2018.04.03"]
[Round "4"]
[White "Guriempire"]
[Black "jefferyx"]
[Result "0-1"]
[WhiteElo "2472"]
[BlackElo "2736"]
[TimeControl "180+2"]
[EndTime "13:50:35 PDT"]
[Termination "jefferyx won by resignation"]

1. e4 c5 2. Nf3 d6 3. d4 Nf6 4. Nc3 cxd4 5. Nxd4 a6 6. Be3 e5 7. Nf3 Qc7 8. a4 Be6 9. Be2 h6 10. O-O Qc6 11. Qd3 Nbd7 12. b4 Rc8 13. Ra3 Be7 14.
Rd1 O-O 15. b5 axb5 16. axb5 Qc7 17. Rb1 Ra8 18. Rxa8 Rxa8 19. Nd2 Rc8 20. Nd5 Bxd5 21. exd5 Qxc2 22. Qxc2 Rxc2 23. Bc4 Ng4 24. Bd3 Rc3 25.
Bf5 Nxe3 26. fxe3 Nb6 27. e4 Bg5 28. Nf3 Be3+ 29. Kf1 Rc2 30. Bh3 Nc4 31. Ra1 Bc5 32. Ke1 Ne3 33. Nd2 Bb4 34. Ke2 Nc4 35. Kd3 Rc3+ 36.
Ke2 Re3+ 37. Kf2 Bxd2 38. Ra8+ Kh7 39. Rf8 Be1+ 40. Kg1 Bh4 41. Bf5+ g6 42. Rxf7+ Kg8 43. Be6 Re1+ 44. Rf1+ Kg7 45. g3 Rxf1+ 46. Kxf1 0-1

[Event "*** Titled Tuesday Blitz"]
[Site "Chess.com"]
[Date "2018.04.03"]
[Round "4"]
[White "GameOverBro"]
[Black "amiralfio"]
[Result "1-0"]
[WhiteElo "2396"]
[BlackElo "2263"]
[TimeControl "180+2"]
[EndTime "13:50:38 PDT"]
[Termination "GameOverBro won by checkmate"]

1. e4 e5 2. Nf3 Nf6 3. d4 Nxe4 4.
Bd3 Nc6 5. Bxe4 d5 6. Nxe5 Nxe5 7.
Bxh7 Rxh7 8. dxe5 Qh4 9. Qxd5 c6 10. Qf3 Bc5 11. Nc3 Rh5 12. Be3 Rxe5 13. O-O-O Bxe3+ 14. fxe3 Qe7 15. e4 Bd7 16. Qf2 b6 17. Rd2 O-O-O 18.
Rhd1 Qg5 19. Kb1 Qg6 20. Qd4 Ree8 21. Qa4 a5 22. Rd6 Qh5 23. Rxc6+ Kb7 24. Rxb6+ Kxb6 25. Qd4+ Kb7 26. Nd5 Bc6 27. Qb6+ Ka8 28. Nc7# 1-0

[Event "*** Titled Tuesday Blitz"]
[Site "Chess.com"]
[Date "2018.04.03"]
[Round "4"]
[White "nickmatta"]
[Black "Kangoroo3000"]
[Result "1-0"]
[WhiteElo "2311"]
[BlackElo "2400"]
[TimeControl "180+2"]
[EndTime "13:50:44 PDT"]
[Termination "nickmatta won by resignation"]

1. d4 Nf6 2. c4 e6 3. Nc3 d5 4. Nf3 Be7 5. Bf4 O-O 6. e3 Nbd7 7. c5 c6 8. h3 b6 9. b4 a5 10. a3 h6 11. Bd3 Ba6 12. Bxa6 Rxa6 13. b5 cxb5 14.
c6 Qc8 15. c7 b4 16. Nb5 Ne4 17. O-O bxa3 18. Qd3 Bb4 19. Rfc1 Ra8 20. Nxa3 Bd6 21. Bxd6 Nxd6 22. Nb5 Nc4 23. Nd2 Qa6 24. Rab1 Nxd2 25. Qxd2 a4 26. Qc3 a3 27. Nd6 a2 28. Ra1 Rfc8 29. Qc6 Nf6 30. Nxc8 Rxc8 31. Rc2 Qa5 32. Rcxa2 Qb4 33. Ra8 1-0

[Event "*** Titled Tuesday Blitz"]
[Site "Chess.com"]
[Date "2018.04.03"]
[Round "4"]
[White "1977Ivan"]
[Black "vovachesss"]
[Result "1-0"]
[WhiteElo "2424"]
[BlackElo "2419"]
[TimeControl "180+2"]
[EndTime "13:50:48 PDT"]
[Termination "1977Ivan won by checkmate"]

1. e4 e5 2. Nf3 d5 3. exd5 e4 4. Qe2 Nf6 5. d3 Qxd5 6. Nfd2 Nc6 7. Nxe4 Be6 8. Nbc3 Qd7 9. Be3 Nd5 10. Nxd5 Qxd5 11. Nc3 Qa5 12. Qd2 Bb4 13. Be2 O-O-O 14. O-O Nd4 15.
Bxd4 Rxd4 16. a3 Bd6 17. Rfe1 h5 18. Bf3 Bf4 19. Qe2 h4 20. Ne4 Kb8 21. b4 Qe5 22. h3 b6 23. c3 Rdd8 24. d4 Qf5 25.
Rab1 Qg6 26. Kh1 Bf5 27. Qa6 Bc8 28. Qa4 Bb7 29. Qd1 Rhe8 30. Qd3 Re7 31. Re2 Rde8 32.
Rbe1 f5 33. Nd2 Rxe2 34. Rxe2 Rxe2 35. Qxe2 Bxd2 36. Bxb7 Bxc3 37. Ba6 Qc6 38. Qe7 Bxd4 39. Qd8# 1-0

[Event "*** Titled Tuesday Blitz"]
[Site "Chess.com"]
[Date "2018.04.03"]
[Round "4"]
[White "bascheyaro"]
[Black "MITerryble"]
[Result "0-1"]
[WhiteElo "2609"]
[BlackElo "2658"]
[TimeControl "180+2"]
[EndTime "13:50:51 PDT"]
[Termination "MITerryble won by resignation"]

1. d4 e6 2. Nf3 Nf6 3. Bf4 b6 4.
e3 Bb7 5. Nbd2 Bd6 6. Bg3 O-O 7. Bd3 Nh5 8. Bh4 Be7 9. Ne5 Bxh4 10. Qxh5 g6 11. Qe2 c5 12. Be4 d5 13. Bf3 Bf6 14.
h4 Bxe5 15. dxe5 Nd7 16. h5 Nxe5 17. hxg6 hxg6 18. O-O-O Qf6 19. e4 Rfe8 20. Rh3 d4 21.
Rdh1 Kf8 22. Nc4 Qf4+ 23. Nd2 Rad8 24. g3 Qf6 25. Bg2 d3 26. Qe3 dxc2 27. Kxc2 Ng4 28.
Qe2 Qxf2 29. Rh8+ Ke7 30. Rxe8+ Kxe8 31. Qxf2 Nxf2 32. Re1 Nd3 33. Re3 Nb4+ 34. Kd1 Ke7 35. a3 Nd3 36. Kc2 Nxb2 37. Bf1 Bc6 38. Be2 b5 39. Nb3 Na4 40. Na5 Be8 41. e5 c4 42.
Bf3 Nc5 43. Bc6 Rd3 44. Rxd3 Nxd3 45. a4 Nb4+ 0-1

[Event "*** Titled Tuesday Blitz"]
[Site "Chess.com"]
[Date "2018.04.03"]
[Round "4"]
[White "RandomOracle"]
[Black "codapbg94"]
[Result "1-0"]
[WhiteElo "2158"]
[BlackElo "2046"]
[TimeControl "180+2"]
[EndTime "13:50:57 PDT"]
[Termination "RandomOracle won by resignation"]

1. c4 Nf6 2. g3 g6 3. Bg2 Bg7 4. Nc3 d6 5. d4 O-O 6. Nf3 Nc6 7.
O-O Bg4 8. Qd3 Nd7 9. e3 e5 10. d5 Ne7 11. h3 Bxf3 12. Bxf3 f5 13. e4 f4 14. b4 a5 15. Ba3 axb4 16. Bxb4 b6 17.
a4 fxg3 18. fxg3 Nc5 19. Qe2 Nb3 20. Ra3 Nd4 21. Qd1 Bh6 22. Nb5 Kg7 23. Kg2 Nxb5 24. cxb5 Rf7 25. Rc3 Ng8 26. Qc2 Nf6 27. Be2 Ra7 28.
h4 Nd7 29. Rxf7+ Kxf7 30. Bg4 Nc5 31. Rf3+ Kg7 32. Bxc5 bxc5 33. Be6 Ra8 34. Rf7+ Kh8 35. Rd7 Qf8 36. Rxc7 Be3 37. b6 Rb8 38. b7 1-0

[Event "*** Titled Tuesday Blitz"]
[Site "Chess.com"]
[Date "2018.04.03"]
[Round "4"]
[White "severomorskij"]
[Black "Doraemon7"]
[Result "1-0"]
[WhiteElo "2674"]
[BlackElo "2437"]
[TimeControl "180+2"]
[EndTime "13:50:58 PDT"]
[Termination "severomorskij won by checkmate"]

1. d4 d5 2. c4 c6 3. Nc3 Nf6 4. Nf3 e6 5. Bg5 dxc4 6. a4 Bb4 7. e4 Bxc3+ 8. bxc3 Qa5 9. e5 Ne4 10. Rc1 Qd5 11.
Be3 b5 12. Qc2 Bb7 13. Be2 Nd7 14. O-O a6 15. Ne1 f6 16. f3 Ng5 17. Bxg5 fxg5 18.
f4 Nb6 19. fxg5 O-O-O 20. a5 Na8 21. Rf7 Rd7 22. Bf3 Rxf7 23. Bxd5 cxd5 24. g6 hxg6 25. Qxg6 Re7 26. Nc2 Kd7 27. Rf1 Nc7 28. Nb4 Rh6 29.
Qg5 Ne8 30. h4 Rh8 31. g4 Rg8 32. h5 Rh8 33. Kg2 Nc7 34. Kg3 Ne8 35. Qf4 Nc7 36. Qf3 Ke8 37. g5 Rg8 38. g6 Rh8 39. Kg4 Kd7 40.
Kg5 Ne8 41. Qg4 Bc8 42. Rf7 Bb7 43. Qf4 Bc8 44. Rxe7+ Kxe7 45. Qf7+ Kd8 46. Nc6# 1-0